 Dungeon Crawl Stone Soup version 0.20-a0 (console) character file.

44046 brucemayne the Severer (level 13, -3/147 HPs)
             Began as a Demonspawn Berserker on Oct 27, 2016.
             Was a High Priest of Trog.
             Slain by a tarantella (9 damage)
             ... on level 4 of the Spider Nest.
             The game lasted 01:01:17 (7759 turns).

brucemayne the Severer (Demonspawn Berserker)       Turns: 7759, Time: 01:01:18

Health: -3/147     AC:  2    Str: 34    XL:     13   Next: 94%
Magic:  0/13       EV:  7    Int:  9    God:    Trog [*****.]
Gold:   1494       SH:  0    Dex: 13    Spells: 0 memorised, 12 levels left

rFire  . . .     SeeInvis .     I - +2 war axe (elec)
rCold  + + .     Gourm    .     y - +1 plate armour {rPois}
rNeg   + + .     Faith    .     a - +0 shield {reflect}
rPois  +         Spirit   +     q - +0 hat of Vlad {rElec rN+}
rElec  +         Reflect  +     v - +0 cloak
rCorr  .         Harm     .     (no gloves)
MR     ++...                    (no boots)
Stlth  ..........               j - amulet of guardian spirit
                                R - ring of Trog's Pride {rC++ Str+3 Stlth+}
                                A - ring of Jealousy {rN+ Str+4}

@: confused, berserking (expiring), lethally poisoned (-3 -> -3), corroded,
regenerating, very quick
A: antennae 2, slimy green scales 2, demonic guardian 2, powered by death 2
a: Berserk, Trog's Hand, Brothers in Arms, Burn Spellbooks, Renounce Religion


You were on level 4 of the Spider Nest.
You worshipped Trog.
Trog was extremely pleased with you.
You were near starving.

You visited 4 branches of the dungeon, and saw 24 of its levels.
You also visited: Sewer and Ice Cave.

You collected 1683 gold pieces.
You spent 189 gold pieces at shops.

Inventory:

Hand Weapons
 f - a +2 executioner's axe of freezing
 I - a +2 war axe of electrocution (weapon)
 P - a +2 demon trident of electrocution
Missiles
 F - 10 poisoned needles
 Q - a javelin (quivered)
Armour
 a - a +0 shield of reflection (worn)
 b - a +0 buckler
 q - the +0 hat of Vlad (worn) {rElec rN+}
   (You found it on level 1 of the Orcish Mines)

   It insulates you from electricity.
   It protects you from negative energy.
 v - a +0 cloak (worn)
 y - a +1 plate armour of poison resistance (worn)
 K - a +0 troll leather armour
Jewellery
 j - an amulet of guardian spirit (around neck)
 k - the amulet "Fafaelin" {Gourm rElec rC++ Dex+5}
   (You found it on level 2 of the Spider Nest)

   [amulet of the gourmand]

   It allows you to eat raw meat even when not hungry.
   It affects your dexterity (+5).
   It greatly protects you from cold.
   It insulates you from electricity.
 n - an uncursed amulet of faith
 z - an uncursed amulet of magic regeneration
 A - the ring of Jealousy (left hand) {rN+ Str+4}
   (You found it on level 6 of the Lair of Beasts)

   [ring of strength]

   It affects your strength (+4).
   It protects you from negative energy.
 C - a +2 ring of dexterity
 D - an uncursed ring of fire
 R - the ring of Trog's Pride (right hand) {rC++ Str+3 Stlth+}
   (You found it in an ice cave)

   [ring of stealth]

   It affects your strength (+3).
   It greatly protects you from cold.
   It makes you more stealthy.
Wands
 E - a wand of confusion (29/48)
 G - a wand of lightning (11/15)
 J - a wand of teleportation (8/9)
 M - a wand of confusion (35/48)
 S - a wand of digging (11/24)
 U - a wand of digging (0/24)
Scrolls
 h - a scroll of recharging
 l - a scroll of enchant weapon {unknown}
 p - 3 scrolls of remove curse
 s - 3 scrolls of fog
 X - 2 scrolls of teleportation
Potions
 e - 4 potions of haste {unknown}
 g - 8 potions of curing
 m - 3 potions of ambrosia {unknown}
 o - a potion of berserk rage {unknown}
 r - 6 potions of might
 t - 6 potions of flight
 u - 2 potions of brilliance {unknown}
 w - 2 potions of mutation {unknown}
 x - 4 potions of lignification
 B - 3 potions of magic {unknown}
Books
 T - a book of Flames

   Spells                             Type                      Level
   a - Flame Tongue                   Conjuration/Fire             1
   b - Throw Flame                    Conjuration/Fire             2
   c - Conjure Flame                  Conjuration/Fire             3
   d - Inner Flame                    Hexes/Fire                   3
   e - Sticky Flame                   Conjuration/Fire             4
   f - Fireball                       Conjuration/Fire             5
   Trog disapproves of the use of such an item.
Comestibles
 c - 3 bread rations
 d - 3 chunks of flesh
 i - a beef jerky
 L - 3 fruits
 W - 5 meat rations


   Skills:
 - Level 8.0 Fighting
 + Level 18.3 Axes
 - Level 7.1 Armour
 - Level 1.7 Dodging
 - Level 5.5 Shields


You had 12 spell levels left.
You didn't know any spells.

Dungeon Overview and Level Annotations

Branches:
Dungeon (12/15)              Lair (6/6) D:8          Shoals (0/4) Lair:2
 Spider (4/4) Lair:2        Slime (0/5) Lair:6          Orc (2/2) D:11
 Temple: D:4-7          Elf: Orc:2

Altars:
Dithmenos
Makhleb
Xom
Beogh
Jiyva

Shops:
D:7 [   D:11 [   Orc:2 *:[(

Portals:
Hell: Lair:6

Annotations:
D:6 Eustachio
D:7 Prince Ribbit
Spider:2 exclusion: upstairs


Innate Abilities, Weirdness & Mutations

You have a pair of antennae on your head.
You are mostly covered in slimy green scales. (AC +3)
A demonic guardian rushes to your aid.
You regenerate health from kills.


Message History

* * * LOW HITPOINT WARNING * * *
Your orange demon stings the redback from afar.
Unknown command.
You miss the tarantella. You slash the tarantella!
You kill the tarantella!
Trog accepts your kill.
You hit the redback. The redback bites you.
* * * LOW HITPOINT WARNING * * *
The tarantella closely misses you.
Unknown command.
Your orange demon stings the redback from afar!
The redback is poisoned.
Your orange demon poisons the redback!
Unknown command.
You feel a strong urge to attack something.
The redback dies!
Trog accepts your kill.
Found 14 bolts.
Found a stone staircase leading up.
Unknown command.
You're too confused to move!
The tarantella bites you!
You die...

,,,,,,..........^.....,,,,,,,*,**
,,,,.^^...............,,,,,,,*,,,
≈,,≈≈^.^....[........?,,,,,,*****
**####≈...............,,,,,,*
,,.^.....^...........,,,,,,**
,,...........†...#####*,,,,*
,,............†4.^...#..****
,,..........†<†........(,,,*
,,^.^^.^......as@.......,<**
,,######^...............,,,** ***
#................,,,,*
***#................,,,**
****#........^.^.......#*,**
,,,,.......^.....#......***
,,,,.............^.##...,*
,,,,....^......#....*<.#**
,,,,..........(....#**,*


You could see an entropy weaver, a tarantella and a friendly orange demon.

Vanquished Creatures
  2 orc warlords (Orc:2)
  3 dire elephants (Lair:6)
  A catoblepas (Lair:6)
  Urug (Orc:2)
  A wizard (Lair:6)
  Pikel (D:6)
  2 deep elf magi (Orc:1)
  2 ugly things (IceCv)
  An orc knight (Orc:2)
  4 orc sorcerers
  5 elephants
  A smoke demon (Lair:6)
  3 ice statues (IceCv)
  2 black mambas
  2 torpor snails
  2 orange demons (Lair:6)
  5 spiny frogs
  5 komodo dragons
  A rime drake (Lair:3)
  A demonic crawler (Spider:1)
  3 ice devils (Lair:6)
  A hellwing (Lair:6)
  A troll (Orc:2)
  A polar bear (Lair:6)
  A jumping spider (Lair:2)
  A hornet (D:11)
  A two-headed ogre (D:8)
  12 blink frogs
  Grinder (D:4)
  A dream sheep (Lair:6)
  6 hippogriffs
  7 redbacks
  4 tarantellas
  A hungry ghost (D:10)
  11 yaks
  2 basilisks
  A warg (Orc:2)
  A hell hound (Lair:6)
  4 porcupines
  A swamp drake (Orc:1)
  10 water moccasins
  3 ice beasts
  26 orc warriors
  A slave (D:6)
  An eye of draining (D:9)
  4 ogres
  2 phantoms
  12 crocodiles
  4 wolves (D:8)
  Blork the orc (Orc:2)
  2 big kobolds
  8 bullfrogs
  2 scorpions
  Dowan (D:6)
  A water moccasin skeleton (D:4)
  2 howler monkeys
  An electric eel (D:8)
  4 crimson imps
  2 quasits
  A bullfrog zombie (D:8)
  2 hounds
  A bullfrog skeleton (D:12)
  13 orc priests
  22 orc wizards
  An iron imp (Orc:1)
  10 iguanas
  2 worker ants
  6 adders
  A river rat (D:4)
  2 shadow imps
  13 white imps
  2 oozes (D:4)
  2 worms
  A dart slug (D:2)
  4 leopard geckos
  44 orcs
  5 ball pythons
  4 giant cockroaches
  3 goblins
  6 hobgoblins
  4 kobolds
  3 bats
  7 frilled lizards
  2 quokka skeletons
  4 rats
  A fungus (Lair:4)
  A plant (Lair:6)
360 creatures vanquished.

Vanquished Creatures (collateral kills)
  Donald (Orc:2)
  The ghost of Shenda the Severer, a journeyman HOFi of Okawaru (Lair:6)
  Snorg (Orc:2)
  A sun demon (Lair:6)
  An orc high priest (Orc:2)
  An orc knight (Orc:2)
  An orc sorcerer (Orc:2)
  2 elephants (Lair:4)
  A black mamba (Lair:3)
  A spiny frog (Lair:1)
  An ice devil (Lair:6)
  A red devil (Lair:6)
  A hornet (Spider:4)
  A troll (D:8)
  A two-headed ogre (D:8)
  3 blink frogs
  11 dream sheep (Lair:6)
  2 redbacks (Spider:4)
  A wyvern (D:8)
  12 yaks
  3 wargs
  Duvessa (D:6)
  Purgy (Sewer)
  3 orc warriors
  4 ice beasts (IceCv)
  2 ogres (Orc:2)
  A wolf (D:8)
  The ghost of brucemayne the Chopper, an amateur DsBe of Trog (D:4)
  A centaur (D:7)
  A crocodile (Lair:6)
  A bullfrog (Lair:1)
  A hound (D:8)
  3 orc wizards (Orc:2)
  A killer bee zombie (D:8)
  8 orcs
  A ball python (D:6)
78 creatures vanquished.

Vanquished Creatures (others)
  2 fungi (Lair:6)
  A plant (Lair:6)
3 creatures vanquished.

Grand Total: 441 creatures vanquished

Notes
Turn   | Place    | Note
-------+----------+-------------------------------------------
     0 | D:1      | brucemayne the Demonspawn Berserker began the quest for the Orb.
     0 | D:1      | Reached XP level 1. HP: 18/18 MP: 1/1
     3 | D:1      | Noticed an electric eel
     3 | D:1      | Noticed an electric eel
    47 | D:1      | Reached skill level 3 in Axes
   137 | D:2      | Gained mutation: You are partially covered in slimy green scales. (AC +2) [demonic ancestry]
   137 | D:2      | Reached XP level 2. HP: 12/24 MP: 2/2
   285 | D:2      | Gained mutation: You have a pair of small antennae on your head. [demonic ancestry]
   285 | D:2      | Reached XP level 3. HP: 16/29 MP: 3/3
   353 | D:3      | Reached skill level 4 in Axes
   456 | D:3      | Gained mutation: You have a pair of antennae on your head. [demonic ancestry]
   456 | D:3      | Reached XP level 4. HP: 21/35 MP: 4/4
   512 | D:3      | Reached ** piety under Trog
   512 | D:3      | Reached skill level 5 in Axes
   637 | D:4      | Found a glowing drain.
   648 | D:4      | Gained mutation: A weak demonic guardian rushes to your aid. [demonic ancestry]
   648 | D:4      | Reached XP level 5. HP: 39/41 MP: 5/5
   664 | D:4      | Noticed Grinder
   702 | D:3      | Noticed an orc warrior
   717 | D:3      | Killed an orc warrior
   717 | D:3      | Reached skill level 6 in Axes
   717 | D:3      | Reached XP level 6. HP: 47/47 MP: 6/6
   887 | D:4      | Paralysed by Grinder for 2 turns
   910 | D:4      | Killed Grinder
   910 | D:4      | Reached skill level 7 in Axes
   918 | Sewer    | Entered a sewer
   966 | Sewer    | Noticed Purgy
   987 | Sewer    | Killed Purgy
   987 | Sewer    | Reached XP level 7. HP: 52/52 MP: 7/7
  1068 | D:4      | Noticed brucemayne's ghost (amateur DsBe)
  1235 | D:4      | Killed brucemayne's ghost
  1235 | D:4      | Reached skill level 8 in Axes
  1250 | D:5      | Entered Level 5 of the Dungeon
  1448 | D:6      | Noticed Pikel
  1461 | D:6      | Killed Pikel
  1461 | D:6      | Reached skill level 9 in Axes
  1461 | D:6      | Gained mutation: You regenerate a little health from kills. [demonic ancestry]
  1461 | D:6      | Reached XP level 8. HP: 56/58 MP: 8/8
  1582 | D:6      | Found a shimmering altar of Xom.
  1648 | D:6      | Found a shadowy altar of Dithmenos.
  1648 | D:6      | Noticed Eustachio
  1649 | D:6      | Noticed Duvessa
  1653 | D:6      | Noticed Dowan
  1763 | D:7      | Reached skill level 10 in Axes
  1839 | D:7      | Found Dumuttug's Antique Armour Boutique.
  1916 | D:6      | Killed Dowan
  1918 | D:6      | Killed Duvessa
  1940 | D:7      | Noticed Prince Ribbit
  2033 | D:7      | Reached skill level 11 in Axes
  2033 | D:7      | Gained mutation: A demonic guardian rushes to your aid. [demonic ancestry]
  2033 | D:7      | Reached XP level 9. HP: 35/63 MP: 9/9
  2211 | D:8      | Reached skill level 5 in Fighting
  2212 | D:8      | Reached *** piety under Trog
  2286 | D:8      | Noticed a troll
  2298 | D:8      | Killed a troll
  2298 | D:8      | Reached skill level 5 in Armour
  2402 | D:10     | Entered Level 10 of the Dungeon
  2489 | D:11     | Found Mutuf's Armour Boutique.
  2532 | D:11     | Reached XP level 10. HP: 73/77 MP: 10/10
  2603 | D:11     | Found a staircase to the Orcish Mines.
  2606 | Orc:1    | Entered Level 1 of the Orcish Mines
  2639 | Orc:2    | Entered Level 2 of the Orcish Mines
  2666 | Orc:2    | Noticed Snorg
  2676 | Orc:2    | Killed Snorg
  2705 | Orc:1    | Noticed an orc sorcerer
  2714 | Orc:1    | Killed an orc sorcerer
  2788 | Orc:1    | Reached **** piety under Trog
  2812 | Orc:1    | Noticed a deep elf mage
  2822 | Orc:1    | Killed a deep elf mage
  2832 | Orc:1    | Noticed a deep elf mage
  2839 | Orc:1    | Killed a deep elf mage
  2842 | Orc:1    | Got a pitted hat
  2849 | Orc:1    | Identified the cursed +0 hat of Vlad {rElec rN+} (You found it on level 1 of the Orcish Mines)
  2851 | Orc:1    | Got a transparent robe
  3009 | Orc:2    | Noticed Donald
  3025 | Orc:2    | Killed Donald
  3025 | Orc:2    | Reached skill level 12 in Axes
  3025 | Orc:2    | Gained mutation: You are mostly covered in slimy green scales. (AC +3) [demonic ancestry]
  3025 | Orc:2    | Reached XP level 11. HP: 48/86 MP: 11/11
  3108 | Orc:2    | Noticed an orc sorcerer
  3116 | Orc:2    | Noticed an orc warlord
  3139 | Orc:2    | Reached skill level 1 in Shields
  3140 | Orc:2    | Killed an orc warlord
  3171 | Orc:2    | Noticed an orc knight
  3200 | Orc:2    | Killed an orc knight
  3216 | Orc:2    | Reached skill level 13 in Axes
  3265 | Orc:2    | Noticed an orc high priest
  3274 | Orc:2    | Noticed Blork the orc
  3275 | Orc:2    | Noticed an orc warlord
  3284 | Orc:2    | Killed an orc high priest
  3300 | Orc:2    | Noticed Urug
  3502 | Orc:2    | Noticed an orc sorcerer
  3508 | Orc:2    | Killed an orc sorcerer
  3569 | Orc:2    | Killed Urug
  3640 | Orc:2    | Killed Blork the orc
  3668 | Orc:2    | Reached skill level 14 in Axes
  3691 | Orc:2    | Killed an orc warlord
  3693 | Orc:2    | Reached ***** piety under Trog
  3771 | Orc:2    | Killed an orc sorcerer
  3776 | Orc:2    | Found a roughly hewn altar of Beogh.
  3799 | Orc:2    | Noticed an orc sorcerer
  3811 | Orc:2    | Killed an orc sorcerer
  3818 | Orc:2    | Noticed an orc knight
  3837 | Orc:2    | Killed an orc knight
  3857 | Orc:2    | Found Rel Ank's General Store.
  3912 | Orc:2    | Reached XP level 12. HP: 43/92 MP: 12/12
  3941 | Orc:2    | Found Duycash's Book Shop.
  3957 | Orc:2    | Found Enoefaume's Antique Weapon Shop.
  3975 | Orc:2    | Found Suw Ciucy's Antique Armour Shop.
  3988 | Orc:2    | Bought a buckler for 189 gold pieces
  4038 | Orc:2    | Paralysed by an orc sorcerer for 6 turns
  4335 | D:9      | Reached skill level 15 in Axes
  4410 | D:8      | Found a staircase to the Lair.
  4437 | Lair:1   | Entered Level 1 of the Lair of Beasts
  4835 | Lair:2   | Found a hole to the Spider Nest.
  5077 | Lair:3   | Got a bloodstained hand axe
  5094 | Lair:4   | Reached skill level 5 in Shields
  5394 | Lair:6   | Entered Level 6 of the Lair of Beasts
  5397 | Lair:6   | Got a warped golden ring
  5401 | Lair:6   | Identified the ring of Jealousy {rN+ Str+4} (You found it on level 6 of the Lair of Beasts)
  5431 | Lair:6   | Reached skill level 16 in Axes
  5445 | Lair:6   | Noticed a catoblepas
  5616 | Lair:6   | Received a gift from Trog
  5644 | Lair:6   | Noticed Shenda's ghost (journeyman HOFi)
  5651 | Lair:6   | Killed Shenda's ghost
  5692 | Lair:6   | Found a staircase to the Slime Pits.
  5692 | Lair:6   | Found a viscous altar of Jiyva.
  5719 | Lair:6   | Found a frozen archway.
  5736 | IceCv    | Entered an ice cave
  5916 | IceCv    | Gained mutation: You regenerate health from kills. [demonic ancestry]
  5916 | IceCv    | Reached XP level 13. HP: 70/98 MP: 9/13
  5946 | IceCv    | Got a bound platinum ring
  5959 | IceCv    | Identified the ring of Trog's Pride {rC++ Str+3 Stlth+} (You found it in an ice cave)
  6166 | Lair:6   | Noticed a dire elephant
  6174 | Lair:6   | Killed a dire elephant
  6263 | Lair:6   | Reached skill level 17 in Axes
  6328 | Lair:6   | Noticed a dire elephant
  6348 | Lair:6   | Killed a dire elephant
  6368 | Lair:6   | Noticed a dire elephant
  6415 | Lair:6   | Killed a dire elephant
  6447 | Lair:6   | Found a burning altar of Makhleb.
  6555 | Lair:6   | Found a gateway to Hell.
  6882 | Lair:4   | Reached skill level 18 in Axes
  7324 | Lair:2   | Received a gift from Trog
  7346 | Lair:2   | Got a transparent longbow {god gift}
  7381 | Lair:2   | Found a staircase to the Shoals.
  7423 | Spider:1 | Entered Level 1 of the Spider Nest
  7512 | Spider:2 | Got a smoking ivory amulet
  7514 | Spider:2 | Identified the amulet "Fafaelin" {Gourm rElec rC++ Dex+5} (You found it on level 2 of the Spider Nest)
  7691 | Spider:4 | Entered Level 4 of the Spider Nest
  7738 | Spider:4 | Noticed an entropy weaver
  7755 | Spider:4 | HP: 5/147 [tarantella (8)]
  7759 | Spider:4 | Slain by a tarantella

Vault maps used:
D:1:      arrival_aquarium_b, minmay_cut_off
D:2:      minivault_24
D:3:      first_bread
D:4:      portal_sewer_entry_a, uniq_grinder
D:6:      enter_ossuary_3, basic_altar, nicolae_dithmenos_shadow_blocks,
          uniq_eustachio, uniq_edmund, uniq_pikel, uniq_duvessa
D:7:      basic_altar, serial_shops, kennysheep_little_box, uniq_prince_ribbit1
D:8:      erik_lair_island
D:11:     orc_0_dummy, serial_shops, nicolae_shop_window_shopping,
          grunt_pizzeria
D:12:     nicolae_whirlpool, minmay_st_funbox
Lair:1:   grunt_megastairs_5
Lair:2:   elwin_shoals_entry_rocks, spider_nest_entry_rubble,
          serial_bayou_pond_e, beast_lair_carwin_8
Lair:4:   minivault_27, mumra_transporter_accident
Lair:5:   grunt_megastairs_2
Lair:6:   evil_forest, slime_altar_1, portal_ice_cave_entry_imps
Spider:1: spider_trap
Spider:3: minivault_29
Spider:4: grunt_spider_rune_parallel, uniq_bai_suzhen, uniq_roxanne
Orc:1:    hangedman_minor_magic
Orc:2:    grunt_orc_cross, uniq_donald, uniq_snorg
Sewer:    sewer_co_purgy_island
IceCv:    ice_cave_statue_garden_chambered

Skill      XL: |  1  2  3  4  5  6  7  8  9 10 11 12 13 |
---------------+----------------------------------------+-----
Axes           | 3 4 5 6 7 9 11 12 14 16 18 | 18.3
Armour         | 5 6 7 |  7.1
Fighting       | 6 8 |  8.0
Shields        | 2 5 |  5.5
Dodging        | |  1.7

Action                   |  1- 3 |  4- 6 |  7- 9 | 10-12 | 13-15 || total
-------------------------+-------+-------+-------+-------+-------++-------
Melee: Hand axe          |   110 |   116 |   204 |       |       ||   430
       War axe           |       |       |    88 |   659 |   280 ||  1027
Invok: Berserk           |     2 |     4 |     8 |     6 |     5 ||    25
       Trog's Hand       |       |     3 |     5 |    13 |     4 ||    25
Evoke: Wand              |       |       |       |       |     1 ||     1
  Use: Scroll            |     3 |       |     6 |    17 |     8 ||    34
       Potion            |       |       |       |     4 |       ||     4
 Stab: Distracted        |       |       |       |     1 |     3 ||     4
       Petrified         |       |       |       |       |     6 ||     6
       Petrifying        |       |       |       |       |     2 ||     2
  Eat: Chunk             |     1 |     3 |    13 |    12 |    10 ||    39
       Fruit             |       |     2 |     2 |     3 |     1 ||     8
       Beef jerky        |       |       |     1 |       |       ||     1
       Bread ration      |       |       |       |     2 |       ||     2
Armor: Chain mail        |    94 |    56 |    44 |    10 |       ||   204
       Animal skin       |     2 |       |       |       |       ||     2
       Plate armour      |       |    59 |   121 |   237 |   152 ||   569
Dodge: Dodged            |    48 |    60 |    87 |   166 |    67 ||   428
Block: Buckler           |       |       |       |    45 |    34 ||    79
       Shield            |       |       |       |       |    35 ||    35
